 Dungeon Crawl Stone Soup version 0.21.1-1-g345015f (webtiles) character file.

102 Fang the Shield-Bearer (level 4, -1/29 HPs)
             Began as a Gargoyle Fighter on May 8, 2018.
             Slain by a wight
             ... wielding a +5 battleaxe
              (12 damage)
             ... on level 2 of the Dungeon.
             The game lasted 00:01:14 (1159 turns).

Fang the Shield-Bearer (Gargoyle Fighter)           Turns: 1159, Time: 00:01:14

Health: -1/29      AC: 10    Str: 20    XL:     4   Next: 77%
Magic:  4/4        EV:  7    Int:  9    God:
Gold:   77         SH:  9    Dex:  9    Spells: 3/3 levels left

rFire    . . .     SeeInvis .   a - +0 war axe
rCold    . . .     Gourm    .   c - +0 shield
rNeg     + . .     Faith    .   b - +0 scale mail
rPois    ∞         Spirit   .   (no helmet)
rElec    +         Reflect  .   (no cloak)
rCorr    .         Harm     .   (no gloves)
MR       +....                  (no boots)
Stlth    ..........             (no amulet)
HPRegen  0.09/turn              l - ring of protection from magic
MPRegen  0.09/turn              (no ring)

@: no status effects
A: negative energy resistance 1, electricity resistance, unbreathing,
petrification resistance, rot immunity, AC +3
a: no special abilities


You were on level 2 of the Dungeon.
You were very hungry.

You visited 1 branch of the dungeon, and saw 2 of its levels.

You collected 77 gold pieces.

Inventory:

Hand Weapons
 a - a +0 war axe (weapon)
Armour
 b - a +0 scale mail (worn)
 c - a +0 shield (worn)
Jewellery
 l - a ring of protection from magic (left hand)
Scrolls
 e - 2 scrolls of identify {unknown}
 g - a scroll of teleportation {unknown}
 k - a scroll of fear {unknown}
 o - a scroll of enchant armour {unknown}
Potions
 d - a potion of might
 h - 2 potions of haste {unknown}
 i - a potion of berserk rage {unknown}
 j - a potion of brilliance {unknown}
 m - 2 potions of invisibility {unknown}
Books
 n - a book of Cantrips

   Spells                             Type                      Level
   a - Confusing Touch                Hexes                        1
   b - Animate Skeleton               Necromancy                   1
   c - Summon Small Mammal            Summoning                    1
   d - Apportation                    Translocation                1
Comestibles
 f - 3 rations


   Skills:
 + Level 3.8 Fighting
 + Level 3.0 Axes
 + Level 3.8 Armour
 + Level 0.4 Dodging
 + Level 0.8 Stealth
 + Level 3.8 Shields


You had 3 spell levels left.
You didn't know any spells.

Dungeon Overview and Level Annotations

Branches:
Dungeon (2/15)

Altars:


Innate Abilities, Weirdness & Mutations

You are resistant to torment.
Your stone body is resilient. (AC +3)
You are immune to poison.
You resist negative energy. (rN+)
You are resistant to electric shocks. (rElec)
You can survive without breathing.
You are immune to petrification.
You are immune to rotting.


Message History

The wight hits you but does no damage. You block the wight's attack.
You closely miss the wight.
The wight is heavily damaged.
You hit the wight. You closely miss the wight. You block the wight's attack.
The wight hits you with a great sword! The wight hits you but does no damage.
You are too injured to fight recklessly!
You are too injured to fight recklessly!
You are too injured to fight recklessly!
You are too injured to fight recklessly!
You are too injured to fight recklessly!
You are too injured to fight recklessly!
You are too injured to fight recklessly!
You are too injured to fight recklessly!
You are too injured to fight recklessly!
You are too injured to fight recklessly!
You are too injured to fight recklessly!
Unknown command.
The wight barely misses you.
The wight hits you with an enchanted battleaxe!
You die...

# ... ## #.# .# #.# .##
#.# #.#
..###.######.#####
.................#
#..##.....##.###.#
....#.....##.# #.#
....#...<.##.###@######.#
....#.....##.##..zz.....#
.............##..zz(....#
###....)..#####.........#
#.....#.......^.......#
#..>#.#.#######.######.
#.#.#.#.# #.# #.#.#.#.#
#.# ..#.#.#.# #.#


You could see 4 wights.

Vanquished Creatures
  A centaur skeleton (D:2)
  2 adders (D:2)
  3 dart slugs
  A leopard gecko (D:1)
  9 bats (D:1)
  A giant cockroach (D:1)
  6 goblins
  5 hobgoblins (D:1)
  4 jackals (D:1)
  9 kobolds
  5 rats (D:1)
46 creatures vanquished.

Notes
Turn   | Place    | Note
-------+----------+-------------------------------------------
     0 | D:1      | Fang the Gargoyle Fighter began the quest for the Orb.
     0 | D:1      | Reached XP level 1. HP: 14/14 MP: 1/1
    44 | D:1      | Reached XP level 2. HP: 8/19 MP: 2/2
   404 | D:1      | Reached XP level 3. HP: 23/23 MP: 3/3
  1068 | D:2      | Reached XP level 4. HP: 29/29 MP: 4/4
  1159 | D:2      | Slain by a wight

Skill      XL: |  1  2  3  4 |
---------------+-------------+-----
Axes           | 2 3 |  3.0
Fighting       | |  3.8
Armour         | |  3.8
Dodging        | |  0.4
Stealth        | |  0.8
Shields        | |  3.8

Action                   |  1- 3 |  4- 6 || total
-------------------------+-------+-------++-------
Melee: War axe           |    90 |    30 ||   120
Armor: Scale mail        |    56 |    17 ||    73
Dodge: Dodged            |    35 |    12 ||    47
Block: Shield            |    61 |    11 ||    72
